 Dungeon Crawl Stone Soup version 0.18.1-6-gd335043 (webtiles) character file.

336 M4edhros the Cudgeler (level 6, -2/47 HPs)
             Began as a Formicid Fighter on May 16, 2016.
             Slain by Grinder (7 damage)
             ... on level 4 of the Dungeon.
             The game lasted 00:02:04 (2240 turns).

M4edhros the Cudgeler (Formicid Fighter)            Turns: 2240, Time: 00:02:05

Health: -2/47      AC:  6    Str: 21    XL:     6   Next: 84%
Magic:  6/6        EV:  7    Int:  7    God:
Gold:   102        SH:  9    Dex: 12    Spells: 0 memorised, 5 levels left

rFire  . . .     SeeInvis +     o - +2 whip (elec)
rCold  . . .     Gourm    .     b - +0 scale mail
rNeg   . . .     Faith    .     c - +0 shield
rPois  .         Spirit   .     (helmet unavailable)
rElec  .         Dismiss  .     (no cloak)
rCorr  .         Reflect  .     (no gloves)
SustAt .         Harm     .     (no boots)
MR     .....                    (no amulet)
Stlth  ..........               (no ring)
                                (no ring)

@: not resistant to hostile enchantments, extremely unstealthy
A: permanent stasis, dig shafts and tunnels, four strong arms, antennae 3
a: Dig, Shaft Self


You were on level 4 of the Dungeon.
You were not hungry.

You visited 1 branch of the dungeon, and saw 4 of its levels.

You collected 102 gold pieces.

Inventory:

Hand Weapons
 a - a +0 trident
 o - a +2 whip of electrocution (weapon)
Armour
 b - a +0 scale mail (worn)
 c - a +0 shield (worn)
Jewellery
 e - an uncursed ring of wizardry {unknown}
 q - an uncursed ring of ice {unknown}
Wands
 s - a wand of polymorph (14/24)
Scrolls
 i - 2 scrolls of recharging {unknown}
 j - 4 scrolls of identify {unknown}
 l - 2 scrolls of immolation {unknown}
 m - a scroll of noise {unknown}
 n - 2 scrolls of amnesia {unknown}
 p - a scroll of fear {unknown}
Potions
 d - a potion of lignification {unknown}
 g - a potion of flight {unknown}
 h - 2 potions of haste {unknown}
 k - a potion of brilliance {unknown}
Comestibles
 f - 4 bread rations
 r - a beef jerky


   Skills:
 - Level 3.2 Fighting
 + Level 5.4 Maces & Flails
 - Level 3.7 Polearms
 - Level 3.2 Armour
 - Level 3.6 Shields


You had 5 spell levels left.
You didn't know any spells.

Dungeon Overview and Level Annotations

Branches:
Dungeon (4/15)
 Temple: D:4-7

Altars:
Kikubaaqudgha

Annotations:
D:4 Grinder


Innate Abilities, Weirdness & Mutations

You are under a permanent stasis effect.
You can dig through walls and to a lower floor.
Your four strong arms can wield two-handed weapons with a shield.
You have a pair of large antennae on your head (SInv).


Message History

Grinder is severely wounded.
Grinder closely misses you.
You hit Grinder.
Grinder is severely wounded.
Grinder blinks!
You swing at nothing.
Your shield prevents you from hitting Grinder.
Grinder is severely wounded.
Grinder hits you.
You writhe in agony.
* * * LOW HITPOINT WARNING * * *
You hit Grinder.
Grinder is almost dead.
Grinder hits you.
* * * LOW HITPOINT WARNING * * *
You writhe in agony.
* * * LOW HITPOINT WARNING * * *
You closely miss Grinder.
Grinder is almost dead.
Grinder hits you!
You die...

####################
...................#
#...#...#...#...#..#
.................._#
#...#...#...#...#..#
...................#
####################
# #.##..# # #.##@.#
#####.##5.#
#......#..#####
#......!.......#
####
#..#####$.####.#
...# #..# #..# ##.#
#..#####..# #.#
#.........# #.#
#...#####..


You could see Grinder.

Vanquished Creatures
  Menkaure (D:4)
  An ogre (D:4)
  A centaur skeleton (D:4)
  A worker ant (D:4)
  An adder (D:3)
  A howler monkey skeleton (D:4)
  An ooze (D:3)
  A dart slug (D:2)
  12 orcs
  4 bats
  3 giant cockroaches
  2 goblins
  4 hobgoblins
  4 jackals (D:2)
  5 kobolds
  2 quokkas
  5 giant newts
  6 rats
55 creatures vanquished.

Vanquished Creatures (others)
  7 toadstools (D:1)
7 creatures vanquished.

Grand Total: 62 creatures vanquished

Notes
Turn   | Place    | Note
--------------------------------------------------------------
     0 | D:1      | M4edhros the Formicid Fighter began the quest for the Orb.
     0 | D:1      | Reached XP level 1. HP: 18/18 MP: 1/1
   190 | D:1      | Reached XP level 2. HP: 22/24 MP: 2/2
   559 | D:1      | Reached XP level 3. HP: 29/29 MP: 3/3
  1201 | D:3      | Reached skill level 1 in Maces & Flails
  1201 | D:3      | Reached XP level 4. HP: 34/35 MP: 4/4
  1372 | D:4      | Reached skill level 2 in Maces & Flails
  1459 | D:4      | Reached XP level 5. HP: 37/41 MP: 5/5
  1473 | D:4      | Noticed an ogre
  1482 | D:4      | Killed an ogre
  1482 | D:4      | Reached skill level 4 in Maces & Flails
  1741 | D:4      | Reached XP level 6. HP: 47/47 MP: 6/6
  1753 | D:4      | Noticed Menkaure
  1766 | D:4      | HP: 2/47 [Menkaure (18)]
  1769 | D:4      | Killed Menkaure
  1769 | D:4      | Reached skill level 5 in Maces & Flails
  2149 | D:4      | Found an ancient bone altar of Kikubaaqudgha.
  2215 | D:4      | Noticed Grinder
  2240 | D:4      | Slain by Grinder

Skill      XL: |  1  2  3  4  5  6 |
---------------+-------------------+-----
Polearms       | 3 |  3.7
Maces & Flails | 1 2 4 5 |  5.4
Fighting       | |  3.2
Armour         | |  3.2
Shields        | |  3.6

Action                   |  1- 3 |  4- 6 || total
-------------------------+-------+-------++-------
Melee: Trident           |   139 |       ||   139
       Whip              |    11 |    67 ||    78
  Use: Potion            |       |     3 ||     3
  Eat: Chunk             |     1 |     1 ||     2
       Meat ration       |       |     1 ||     1
Armor: Scale mail        |    61 |    13 ||    74
Dodge: Dodged            |    35 |     8 ||    43
Block: Shield            |    71 |    17 ||    88
